Map: Lerilak Crest

Players

capac - Winner!

  • Race: Terran Terran
  • League: Gold

LAFUDR

  • Race: Terran Terran
  • League: Gold

VOD

Have the link to the VOD?

Description

Time

  • Played on: March 7, 2016, 2:09 p.m.
  • Length: 8:30
Show
View Real Time Build Order
Export as new Build Order

capac Terran - Winner!

Build Orders:  

Get SALT Encoding   

  12  0:01  SCV  
  13  0:13  SCV  
  14  0:17  Supply Depot  
  14  0:25  SCV  
  15  0:39  SCV  
  15  0:41  Barracks  
  16  0:47  Refinery  
  16  0:51  SCV  
  17  1:03  SCV  
  18  1:15  SCV  
  19  1:27  SCV  
  19  1:31  Barracks Reactor  
  20  1:35  Command Center  
  20  1:39  SCV  
  21  2:03  Supply Depot  
  21  2:05  Orbital Command  
  21  2:13  Marine x2  
  22  2:23  Barracks  
  22  2:28  Factory  
  22  2:32  Marine  
  22  3:08  Marine x2  
  22  3:10  SCV  
  22  3:12  Orbital Command  
  25  3:15  Bunker  
  25  3:18  Barracks Tech Lab, Factory Tech Lab  
  25  3:22  SCV  
  25  3:24  Refinery  
  25  3:26  Marine  
  27  3:27  Marine  
  28  3:34  SCV  
  28  3:41  Siege Tank  
  32  3:57  SCV x2  
  32  3:59  Marine x3  
  32  4:00  Stimpack  
  37  4:09  SCV x2  
  39  4:16  Engineering Bay  
  39  4:21  Starport  
  39  4:33  SCV x2  
  39  4:34  Marine x3  
  44  4:39  Refinery  
  44  4:46  SCV x2  
  44  4:49  Missile Turret  
  46  5:05  Starport Reactor  
  46  5:06  Supply Depot  
  46  5:10  Supply Depot  
  46  5:14  Marine x3  
  46  5:15  Siege Tank, SCV x2  
  46  5:17  Refinery  
  54  5:26  Command Center  
  54  5:28  SCV x2  
  56  5:37  Supply Depot  
  56  5:40  Marine x3, SCV x2  
  61  5:49  Medivac  
  63  5:50  Medivac  
  63  5:57  SCV x2  
  60  6:27  Missile Turret  
  60  6:28  Marine x2  
  60  6:29  Marine  
  63  6:34  Medivac x2  
  67  6:40  Missile Turret  
  67  6:41  Missile Turret  
  67  6:46  Marine, Missile Turret  
  68  6:54  Marine x2  
  68  6:56  Siege Tank  
  73  7:16  Liberator x2  
  73  7:29  Marine x3  
  75  7:32  Siege Tank  
  85  7:47  Marine  
  76  8:12  Marine  
Show
View Real Time Build Order
Export as new Build Order

LAFUDR Terran 

Build Orders: Liberator Opening, Reaper Expand 

Get SALT Encoding   

  12  0:01  SCV  
  13  0:13  SCV  
  14  0:17  Supply Depot  
  14  0:25  SCV  
  15  0:39  SCV  
  15  0:41  Barracks  
  16  0:45  Refinery  
  16  0:51  SCV  
  17  1:03  SCV  
  18  1:15  SCV  
  19  1:29  Orbital Command  
  19  1:30  Reaper  
  20  1:43  Command Center  
  20  1:53  Refinery  
  20  2:02  SCV  
  20  2:04  Supply Depot  
  21  2:14  SCV  
  22  2:26  SCV  
  22  2:27  Barracks Reactor  
  23  2:35  Factory  
  23  2:38  SCV  
  24  3:02  SCV  
  24  3:04  Orbital Command  
  25  3:05  Marine  
  25  3:06  Marine  
  27  3:15  SCV  
  28  3:20  Factory Reactor  
  28  3:25  Starport, Marine x2  
  31  3:27  SCV  
  31  3:35  SCV  
  31  3:39  SCV  
  33  3:47  Supply Depot, SCV  
  34  3:50  Marine x2  
  34  3:51  SCV  
  34  3:53  Barracks  
  34  3:54  Barracks  
  34  3:55  Liberator  
  37  3:56  Widow Mine  
  37  3:57  Widow Mine  
  37  3:59  SCV  
  42  4:03  SCV  
  42  4:08  Marine  
  44  4:10  Supply Depot  
  44  4:11  SCV  
  44  4:15  SCV  
  49  4:18  Marine  
  49  4:23  SCV  
  51  4:27  Marine, SCV  
  51  4:31  Widow Mine x2  
  53  4:35  Marine, SCV  
  53  4:38  Supply Depot  
  59  4:40  SCV  
  59  4:45  Marine  
  61  4:47  SCV  
  61  4:48  Barracks Tech Lab, Barracks Reactor  
  62  4:59  Marine  
  63  5:00  Supply Depot  
  63  5:25  SCV x2  
  63  5:26  Marauder, Marine x4  
  71  5:31  Stimpack  
  71  5:37  Widow Mine, SCV x2  
  71  5:38  Widow Mine  
  71  5:39  Engineering Bay x2, Starport Reactor  
  77  5:58  Marauder  
  75  6:18  Marine x4  
  75  6:24  Liberator  
  78  6:35  Supply Depot  
  78  6:37  Supply Depot, Marauder, Marine x2  
  78  6:39  Supply Depot  
  82  6:41  Supply Depot  
  82  6:42  Widow Mine, Medivac  
  82  6:43  Widow Mine  
  91  6:54  Marine  
  92  6:59  Marauder, SCV  
  92  7:00  SCV  
  96  7:03  Supply Depot  
  96  7:09  Refinery  
  96  7:11  Refinery, SCV  
  96  7:12  SCV  
  96  7:14  Marine x4  
  102  7:16  Liberator  
  102  7:19  Missile Turret, Command Center  
  102  7:20  Marauder  
  104  7:23  Missile Turret  
  104  7:24  Missile Turret  
  104  7:25  Missile Turret  
  104  7:26  Missile Turret x2  
  104  7:30  Missile Turret  
  104  7:33  Medivac  
  109  7:38  Factory Tech Lab  
  109  7:41  Marauder  
Tags
 
Add a new tag
Caveats
  • Supply blocks, unpowered buildings, or Contaminate may cause inaccurate times.
  • Supply counts are checked every 10 seconds.